 Dungeon Crawl Stone Soup version 0.30-a0-509-gd016549fea (webtiles) character file.

Game seed: 2590657536294050207

4 kae the Firebug (level 1, -2/10 HPs)
             Began as a Tengu Fire Elementalist on Dec 22, 2022.
             Frozen to death by an endoplasm (5 damage)
             ... on level 1 of the Dungeon.
             The game lasted 00:00:15 (162 turns).

kae the Firebug (Tengu Fire Elementalist)            Turns: 162, Time: 00:00:16

Health: -2/10      AC:  2    Str:  8    XL:     1   Next: 70%
Magic:  1/4        EV: 12    Int: 15    God:
Gold:   11         SH:  0    Dex: 14    Spells: 3/4 levels left

rFire   . . .      SeeInvis .    (no weapon)
rCold   . . .      Faith    .    (no shield)
rNeg    . . .      Spirit   .    a - +0 robe
rPois   .          Reflect  .    (helmet restricted)
rElec   .          Harm     .    (no cloak)
rCorr   .          Rampage  .    (no gloves)
Will    .....                    (boots unavailable)
Stlth   ++........               (no amulet)
HPRegen 0.21/turn                (no ring)
MPRegen 0.09/turn                (no ring)

@: no status effects
A: beak, talons 3
a: no special abilities


You were on level 1 of the Dungeon.
You visited 1 branch of the dungeon, and saw 1 of its levels.

You collected 11 gold pieces.


Innate Abilities, Weirdness & Mutations

You have a beak for a mouth.
You have claws for feet.


   Skills:
 - Level 2.1 Dodging
 - Level 2.0 Stealth
 + Level 2.0 Spellcasting
 * Level 1.8 Conjurations
 * Level 3.4 Fire Magic


You had 3 spell levels left.
You knew the following spells:

 Your Spells              Type           Power      Damage    Failure   Level
a - Foxfire               Conj/Fire      36%        2x1d5     8%          1

Your spell library contained the following spells:

 Spells                   Type           Power      Damage    Failure   Level
 Scorch                   Fire           22%        2d6       9%          2
 Momentum Strike          Conj/Tloc      8%         3d8       22%         2
 Blink                    Tloc           2%         N/A       32%         2
 Inner Flame              Hex/Fire       6%         N/A       32%         3
 Kindle Blastsparks       Fire/Tloc/Air  10%        2d10      38%         3
 Lesser Beckoning         Tloc           2%         N/A       54%         3
 Flame Wave               Conj/Fire      9%         2d6       58%         4

Inventory:

Armour
 a - a +0 robe (worn)
Potions
 b - a potion of magic
 c - a potion of curing {unknown}

Dungeon Overview and Level Annotations

Branches:
Dungeon (1/15) Zot: 5837

Altars:

#.# ##
##########.### . ..
#..........##. .[
#. #.###########.
##. #. #.# #.
#...##.########.##
#.
...............).#
#.. #.
#...#...######...#
#..#####.
...[..#...J@v....#
#>.......
#...###v.#...#
#.######. ##.##
#..###.###.# #. ...
#..#.....#.# #.
.....
#........#.#######
.......
##.##...........†..
.......
>.......#...#######
.......
####.....#########
.......
##.#...........


You could see an endoplasm (ally target).


Message History

You add the spells Blink, Momentum Strike and Lesser Beckoning to your library. 😎 MP[+1]
c - a purple potion 😎 MP[+1]
Your mp is fully restored (4).
You now have 11 gold pieces (gained 7).
You see here a frilled lizard corpse.
A goblin comes into view. It is wielding a +0 club.
A goblin is nearby!
A goblin is nearby!
A goblin is nearby!
Casting: Foxfire (safe; 9% risk of failure)
Confirm with . or Enter, or press ? or * to list all spells.
You conjure some foxfire!
The foxfire hits the goblin. x2
You kill the goblin! 😎 MP[-1]
You lost 1 mp, and now have 3/4 mp.
Things that are here:
a +0 club; a goblin corpse A hobgoblin comes into view. 😎 MP[+1]
Your mp is fully restored (4).
A hobgoblin is nearby!
A hobgoblin is nearby!
An endoplasm comes into view.
Casting: Foxfire (safe; 8% risk of failure)
Confirm with . or Enter, or press ? or * to list all spells.
You conjure some foxfire!
The foxfire hits the hobgoblin.
The foxfire hits the hobgoblin but does no damage. 😎 MP[-1]
You lost 1 mp, and now have 3/4 mp.
Casting: Foxfire (safe; 8% risk of failure)
Confirm with . or Enter, or press ? or * to list all spells.
You conjure some foxfire!
The foxfire hits the hobgoblin but does no damage.
The foxfire hits the hobgoblin but does no damage. 😎 MP[-1]
You lost 1 mp, and now have 2/4 mp.
There are monsters nearby!
There are monsters nearby!
Unknown command.
Casting: Foxfire (safe; 8% risk of failure)
Confirm with . or Enter, or press ? or * to list all spells.
You conjure some foxfire!
The hobgoblin misses you.
The foxfire hits the hobgoblin but does no damage. x2
The hobgoblin closely misses you. 😎 MP[-1]
You lost 1 mp, and now have 1/4 mp.
There are monsters nearby!
Unknown command.
Casting: Foxfire (safe; 8% risk of failure)
Confirm with . or Enter, or press ? or * to list all spells.
You conjure some foxfire!
The hobgoblin hits you.
The foxfire hits the hobgoblin but does no damage. x2
The hobgoblin barely misses you. 😕 HP[-1] MP[-1]
You take 1 damage, and now have 9/10 hp.
You lost 1 mp, and now have 0/4 mp.
You barely miss the hobgoblin. The hobgoblin misses you.
You hit the hobgoblin but do no damage. Your peck misses the hobgoblin.
The hobgoblin hits you. 😕 HP[-1]
You take 1 damage, and now have 8/10 hp.
You hit the hobgoblin but do no damage. The hobgoblin completely misses you.
You barely miss the hobgoblin.
The hobgoblin hits you but does no damage. 😕 HP[+1] MP[+1]
You closely miss the hobgoblin.
The endoplasm quivers.
The hobgoblin hits you.
Ouch! That really hurt!
* * * LOW HITPOINT WARNING * * *
You are too injured to fight recklessly! 😨 HP[-5]
You take 5 damage, and now have 4/10 hp.
MASSIVE DAMAGE!! (PAUSE) Unknown command.
The hobgoblin completely misses you. The hobgoblin misses you.
The hobgoblin attacks as you move away! The hobgoblin misses you. 😨 HP[+1]
You closely miss the hobgoblin.
You claw the hobgoblin, but do no damage.
The hobgoblin barely misses you.
You hit the hobgoblin but do no damage. You peck the hobgoblin.
You kill the hobgoblin!
The endoplasm jiggles.
The endoplasm attacks as you move away! The endoplasm hits you.
* * * LOW HITPOINT WARNING * * *
😨 HP[-2]
You take 2 damage, and now have 3/10 hp.
Casting: Foxfire (safe; 8% risk of failure)
Confirm with . or Enter, or press ? or * to list all spells.
You conjure some foxfire!
The endoplasm freezes you.
You are frozen.
Ouch! That really hurt!
You die...

Action                   || total
-------------------------++-------
Melee: Unarmed           ||     7
       Kick              ||     1
       Peck              ||     1
 Cast: Foxfire           ||     9
Armor: Robe              ||     1
Dodge: Dodged            ||     9

Levels and vault maps discovered:
D:1:      giann_wishing_wells, layout_loops_ring

Notes
Turn   | Place    | Note
-------+----------+-------------------------------------------
     0 | D:1      | kae the Tengu Fire Elementalist began the quest for the
                  | Orb.
     0 | D:1      | Reached XP level 1. HP: 10/10 MP: 4/4
     0 | D:1      | magus.rc [v1.11.3]
    81 | D:1      | You pick up a book of Spatial Translocations and begin
                  | reading...
    81 | D:1      | You add the spells Blink, Momentum Strike and Lesser
                  | Beckoning to your library.
   161 | D:1      | HP: 2/10 [endoplasm (3)]
   162 | D:1      | Frozen to death by an endoplasm

Vanquished Creatures
  A ball python (D:1)
  A goblin (D:1)
  A hobgoblin (D:1)
  A frilled lizard (D:1)
4 creatures vanquished.

Vanquished Creatures (others)
  14 foxfires (D:1)
14 creatures vanquished.

Grand Total: 18 creatures vanquished

Table legend:
 A = Non-vault XP
 B = Vault XP
 C = Vault XP percentage of total XP
 D = Non-vault monster count
 E = Vault monster count
 F = Vault count percentage of total count
                 A         B        C        D         E       F
            +---------+---------+-------+---------+---------+-------
      Total |       7 |       0 |   0.0 |       4 |       0 |   0.0
            +---------+---------+-------+---------+---------+-------
        D:1 |       7 |       0 |   0.0 |       4 |       0 |   0.0
            +---------+---------+-------+---------+---------+-------

Illustrated notes

Table legend:
 A = Kills in this place as a percentage of kills in entire the game.
 B = Kills by you in this place as a percentage of kills by you in the entire game.
 C = Kills by friends in this place as a percentage of kills by friends in the entire game.
 D = Other kills in this place as a percentage of other kills in the entire game.
 E = Experience gained in this place as a percentage of experience gained in the entire game.
 F = Experience gained in this place divided by the number of levels of this place that you have seen.
                   A       B       C       D       E      F
               +-------+-------+-------+-------+-------+----------------------
         Total | 100.0 | 100.0 |   N/A |   N/A | 100.0 |   7.0
       Dungeon | 100.0 | 100.0 |   N/A |   N/A | 100.0 |   7.0
               +-------+-------+-------+-------+-------+----------------------

Table legend: (Time is in decaauts)
 A = Elapsed time spent in this place.
 B = Non-inter-level travel time spent in this place.
 C = Inter-level travel time spent in this place.
 D = Time resting spent in this place.
 E = Time spent auto-exploring this place.
 F = Levels seen in this place.
 G = Mean time per level.
                   A        B        C        D        E       F      G
               +--------+--------+--------+--------+--------+-----+--------+
         Total |    162 |    162 |      0 |      0 |    123 |   1 |  162.0 |
       Dungeon |    162 |    162 |      0 |      0 |    123 |   1 |  162.0 |
               +--------+--------+--------+--------+--------+-----+--------+

Top non-repeatable levels by time:
     D:1: 162 daAuts
